AoeStats
← Cuervo

Arabia

509002100Analyzed
3v3 RM · 7d ago on Sep 25, 2026· 19m 36s· 6 players
Game mode
Random Map
Map size
Normal (6 player)
Population
200
Speed
Normal
Resources
Standard
Victory
Conquest
Starting age
Dark Age
Ending age
Imperial Age
RankedLock teamsTeams togetherTeam positionsShared explorationLock speedFull tech treeHidden civsTurbo modeCheats
Victory
Defeat
🇺🇸 Khmer · United States
1180
+14
🇺🇸 Shu · United States
1161
+15
🇺🇸 Cumans · United States
1025
+21
🇨🇱 Tatars · Chile
1203
-19
🇦🇷 Franks · Argentina
1117
-16
🇦🇷 Turks · Argentina
1101
-15
animaldude69
2:06 Loom
7:27 Loom
10:49 Feudal Age
12:18 Horse Collar
12:27 Double-Bit Axe
AnimeSandwich
5:58 Loom
9:30 Feudal Age
9:59 Double-Bit Axe
16:08 Wheelbarrow
Sarren
6:35 Loom
9:40 Feudal Age
11:04 Double-Bit Axe
13:15 Wheelbarrow
12:31 Horse Collar
13:27 Scale Barding Armor
Gitu
2:35 Loom
11:08 Feudal Age
11:42 Double-Bit Axe
17:02 Horse Collar
Cuervo
5:14 Loom
9:30 Feudal Age
10:25 Double-Bit Axe
20:20 Castle Age
VZ | Thyrfing
5:20 Loom
9:26 Feudal Age
10:17 Double-Bit Axe
19:41 Gold Mining
Connection lost

Rejoining the realm…

Still unreachable

The connection could not be restored.

Session expired

The server has moved on; the page needs a fresh start.